 Dungeon Crawl Stone Soup version 0.29.1-12-g30fa7ad0bf (webtiles) character file.

Game seed: 128757177942105509

466727 JanusIIV the Gargoyle Barricade (level 24, -2/166 HPs)
             Began as a Gargoyle Berserker on Dec 31, 2022.
             Was the Champion of Trog.
             Slain by a reaper
             ... wielding a +2 scythe of venom
             ... called by a doom hound
              (23 damage)
             ... on level 1 of the Realm of Zot on Jan 1, 2023.
             The game lasted 02:48:06 (62696 turns).

JanusIIV the Gargoyle Barricade (GrBe)             Turns: 62696, Time: 02:48:07

Health: -2/166     AC: 50    Str: 31 (32) XL:     24   Next: 27%
Magic:  23/23      EV: 11    Int:  9      God:    Trog [******]
Gold:   5181       SH: 28    Dex:  9      Spells: 23/23 levels left

rFire   + + +      SeeInvis .   E - +9 demon whip (drain)
rCold   + + +      Faith    .   L - +0 tower shield {rC+ rF+}
rNeg    + . .      Spirit   .   Y - +8 plate armour {Will+}
rPois   ∞          Reflect  +   K - +0 hat
rElec   +          Harm     .   x - scarf {rC+ rF+}
rCorr   +          Rampage  .   Q - +2 pair of gloves {Stlth+}
Will    ++++.                   D - +2 pair of boots
Stlth   ..........              o - amulet of reflection
HPRegen 1.37/turn               A - ring of Ikapn {rF+ rCorr}
MPRegen 0.18/turn               h - ring of protection from cold

@: about to teleport, strong-willed, flying, regenerating, studying Maces &
Flails
A: sickness immunity, AC +18, big wings, negative energy resistance 1,
electricity resistance, torment resistance 1, petrification resistance, passive
freeze, MP-powered wands
}: 3/15 runes: decaying, serpentine, silver
a: Renounce Religion, Berserk, Trog's Hand, Brothers in Arms


You were on level 1 of the Realm of Zot.
You worshipped Trog.
Trog was exalted by your worship.
You visited 8 branches of the dungeon, and saw 39 of its levels.
You visited the Abyss 2 times.
You also visited: Gauntlet and Ice Cave.

You collected 6448 gold pieces.
You spent 1267 gold pieces at shops.

Inventory:

Hand Weapons
 E - a +9 demon whip of draining (weapon)
 R - a +3 vorpal demon whip
 U - the +10 flail "Wuelunio" {flame, rPois}
   (Trog gifted it to you on level 1 of the Depths)

   It burns those it strikes, dealing additional fire damage.
   rPois:     It protects you from poison.
Armour
 x - a scarf of resistance (worn)
 D - a +2 pair of boots (worn)
 G - the +2 cloak of the Echidna {rC+++ rCorr}
   (You found it on level 3 of the Depths)

   rC:        It renders you almost immune to cold.
   rCorr:     It protects you from acid and corrosion.
 K - a +0 hat (worn)
 L - a +0 tower shield of resistance (worn)
 N - +0 shadow dragon scales
 Q - a +2 pair of gloves of stealth (worn)
 S - +0 gold dragon scales
 Y - a +8 plate armour of willpower (worn)
Jewellery
 c - a +6 ring of dexterity
 h - a ring of protection from cold (right hand)
 o - an amulet of reflection (around neck)
 A - the ring of Ikapn (left hand) {rF+ rCorr}
   (You found it in a Gauntlet)

   [ring of protection from fire]

   rF:        It protects you from fire.
   rCorr:     It protects you from acid and corrosion.
 F - a ring of see invisible
 P - a +6 ring of strength
 X - a ring of willpower
Wands
 a - a wand of quicksilver (4)
 j - a wand of charming (29)
 m - a wand of iceblast (38)
 p - a wand of polymorph (41)
 s - a wand of digging (12)
 y - a wand of flame (53)
Scrolls
 e - 6 scrolls of poison
 i - 19 scrolls of teleportation
 l - 2 scrolls of summoning
 r - 2 scrolls of enchant weapon
 t - 3 scrolls of immolation
 w - 10 scrolls of identify
 z - 5 scrolls of fog
 B - 3 scrolls of fear
 H - 3 scrolls of silence
 M - 2 scrolls of brand weapon
 V - 3 scrolls of magic mapping
Potions
 b - 7 potions of mutation
 d - 4 potions of magic
 f - 4 potions of haste
 k - 4 potions of berserk rage
 n - 5 potions of might
 u - 14 potions of curing
 v - 3 potions of ambrosia
 I - 4 potions of cancellation
 J - 3 potions of resistance
 O - a potion of invisibility


   Skills:
 - Level 21.0 Fighting
 + Level 24.8 Maces & Flails
 - Level 14.0 Armour
 - Level 9.0 Dodging
 O Level 27 Shields


You had 23 spell levels left.
You didn't know any spells.
Your spell library was empty.

Dungeon Overview and Level Annotations

Branches:
Dungeon (15/15)            Temple (0/1) D:4            Lair (4/5) D:10
  Swamp (4/4) Lair:2        Snake (4/4) Lair:2          Orc (2/2) D:10
    Elf (0/3) Orc:2        Vaults (5/5) D:13          Crypt (0/3) Vaults:3
 Depths (4/4) D:15            Zot (1/5) Depths:4      IceCv (visited)
Gauntlet (visited)
  Slime: Lair:4-5

Altars:
Ashenzari
Dithmenos
Elyvilon
Fedhas
Nemelex Xobeh
Okawaru
Ru
Sif Muna
Trog
Vehumet
Wu Jian
Xom
Yredelemnul
Zin
The Shining One

Shops:
D:4 *   D:7 (   D:11 =   D:13 !   Orc:2 [([(   Snake:3 *   Snake:4 (
Vaults:2 *   Vaults:4 *   Vaults:5 !   Depths:1 ?==:

Portals:
Hell: Depths:1 Depths:2 Depths:3 Depths:4
Abyss: Depths:2 Depths:3
Pandemonium: Depths:2
Ziggurat: Depths:1
Trove: D:15 (give 8 potions of haste)

Annotations:
D:11 1 runed translucent door
D:14 2 transporters, Coogem's ghost, journeyman DsAr; Ytheofip's ghost, journeyman FoFi
Lair:4 3 runed translucent doors, exclusion: oklob plant, Guuquyx's ghost, journeyman TrMo
Swamp:4 3 runed translucent doors, ctx's ghost, adept MeEE


Innate Abilities, Weirdness & Mutations

You are immune to sickness and miasma.
Your stone body is resilient. (AC +18)
You are immune to poison.
Your large and strong wings let you fly.
You resist negative energy. (rN+)
You are resistant to electric shocks. (rElec)
You are resistant to unholy torment.
You are immune to petrification.
A frigid envelope surrounds you and freezes all who hurt you.
You expend magic power (3 MP) to strengthen your wands.


Message History

You hit the tormentor.
The tormentor is heavily wounded.
You are engulfed in blazing flames.
You resist.
* * * LOW HITPOINT WARNING * * *
You block the tormentor's attack. x2; The bone dragon closely misses you.
You block the bone dragon's attack. The bone dragon completely misses you.
You block the bone dragon's attack. x3
The reaper hits you from afar with a +2 scythe of venom!
* * * LOW HITPOINT WARNING * * *
The yellow draconian annihilator gestures wildly while chanting.
The yellow draconian annihilator blinks!
The Tzitzimitl engulfs you but does no damage.
The Tzitzimitl resists.
The Tzitzimitl is very cold.
The Tzitzimitl is heavily wounded.
The Tzitzimitl bites you but does no damage.
The Tzitzimitl completely resists.
You feel better.
You are engulfed in blazing flames.
You resist.
The tormentor calls on the powers of darkness!
The white draconian convulses!
Your body is wracked with pain!
* * * LOW HITPOINT WARNING * * *
The red draconian convulses!
The yellow draconian annihilator convulses!
The purple draconian convulses!
You block the putrid mouth's attack. The putrid mouth claws you.
* * * LOW HITPOINT WARNING * * *
You feel weakened.
The putrid mouth is very cold.
The putrid mouth is moderately damaged.
You block the bone dragon's attack.
The bone dragon claws you but does no damage.
The bone dragon resists.
The bone dragon is very cold.
The bone dragon is lightly damaged.
The bone dragon closely misses you.
The Tzitzimitl calls on the powers of darkness!
The white draconian convulses!
Your body is wracked with pain!
* * * LOW HITPOINT WARNING * * *
The purple draconian convulses!
The red draconian convulses!
The yellow draconian annihilator convulses!
The reaper hits you from afar with a +2 scythe of venom!!
You die...

##....#########....
####....# #....
#.......# ##....
#.......########.....
#....................
##...................
##)).....d..........
##)12.#####......#.
####@2d.#####..>...#.
###..WDDd.....⌠....###.
##....[.............# #.
#.........q.....†...####
##......####.§...#q....#
#.......# #...###.2...#
#...##### ##### #h2...#
#... #....## ###. #h.)##


You could see 2 bone dragons, a Tzitzimitl, a purple draconian, a red draconian
(catching breath), a white draconian, a yellow draconian annihilator, a reaper,
a putrid mouth and a tormentor.

Vanquished Creatures
  Bai Suzhen (Swamp:3)
  Boris (Depths:4)
  Saint Roka (Orc:2)
  4 golden dragons
  2 bone dragons
  3 doom hounds
  Mlioglotl (Swamp:3)
  An electric golem (Zot:1)
  4 tentacled monstrosities
  A walking crystal tome (Depths:3)
  A deep elf blademaster (Depths:2)
  2 liches
  Grunn (Zot:1)
  5 titans (Vaults:5)
  The ghost of Oseiwk the Crack Shot, an adept MiHu of Okawaru (Depths:4)
  A tentacled starspawn (Abyss:3)
  2 walking frostbound tomes
  A walking divine tome (Depths:3)
  Frances (Swamp:2)
  Kirke (Snake:1)
  A death cob (Zot:1)
  4 sphinxes
  5 shadow dragons
  6 tengu reavers
  A draconian monk (Zot:1)
  A storm dragon (Depths:4)
  7 nagarajas (Snake:4)
  Roxanne (Swamp:3)
  9 fire giants
  14 vault wardens
  11 frost giants
  3 orc warlords
  A balrug (Depths:2)
  A draconian shifter (Depths:4)
  Aizul (Snake:1)
  2 iron dragons
  17 stone giants
  2 draconian annihilators
  3 spriggan defenders (Depths:3)
  A reaper (Depths:4)
  5 ironbound thunderhulks
  23 ironbound preservers
  A putrid mouth (Zot:1)
  A yellow draconian (Zot:1)
  2 deep elf demonologists (Vaults:5)
  2 vampire knights
  10 very ugly things
  6 bunyips
  3 green draconians (Zot:1)
  2 purple draconians
  Azrael (Snake:3)
  4 entropy weavers
  2 red draconians
  5 black draconians
  4 white draconians (Depths:4)
  6 eleionomae
  6 dire elephants
  An eidolon (Abyss:3)
  The ghost of Timisetechie the Severer, a journeyman HOFi of Beogh (Orc:2)
  A minotaur (Gauntlet)
  16 ettins
  A blizzard demon (Depths:2)
  Snorg (Lair:3)
  A deep elf death mage (Vaults:3)
  A crystal guardian (Vaults:2)
  A merfolk impaler (Depths:4)
  Josephine (Orc:1)
  15 yaktaur captains
  7 great orbs of eyes
  10 fire dragons
  A hell beast (Depths:2)
  2 deep elf high priests
  4 jiangshi (Depths:3)
  3 peacekeepers
  3 boulder beetles
  A salamander tyrant (Snake:4)
  Fannar (Lair:3)
  9 ice dragons
  A ghost crab (Swamp:4)
  2 ogre magi (Vaults:5)
  32 vault guards
  6 spriggan air magi
  6 rakshasas
  Erolcha (D:10)
  9 centaur warriors
  14 hydras
  7 ironbound frosthearts
  Erica (Lair:2)
  10 anacondas
  A catoblepas (D:13)
  16 naga warriors
  An alligator (shapeshifter) (Vaults:5)
  3 deep troll shamans
  5 two-headed ogres
  8 deep troll earth magi
  11 naga sharpshooters
  7 alligators
  4 tengu warriors
  2 vampire magi (Depths:3)
  8 spriggan berserkers
  A deep elf knight (Depths:2)
  A thrashing horror (Abyss:3)
  13 hell knights
  7 shock serpents
  A soul eater (Depths:2)
  5 iron trolls
  Nergalle (D:12)
  5 salamander mystics
  Lodul (D:14)
  Amaemon (D:11)
  8 skeletal warriors
  2 goliath frogs
  79 deep trolls
  A sea snake (shapeshifter) (Vaults:5)
  4 spriggan druids
  A flayed ghost (Depths:3)
  2 glowing orange brains (shapeshifter)
  9 swamp dragons
  17 orc knights
  A swamp dragon (shapeshifter) (Vaults:5)
  4 glowing orange brains
  A spriggan simulacrum (Depths:1)
  4 naga ritualists
  6 bog bodies
  6 lindwurms
  6 necromancers
  3 deep elf archers (Depths:2)
  15 ironbound convokers
  2 orc sorcerers
  2 deep elf pyromancers
  37 ugly things
  5 harpies
  6 wizards
  6 mana vipers
  5 cyclopes
  3 wolf spiders (D:11)
  17 salamanders
  A wolf spider (shapeshifter) (Vaults:5)
  3 manticores
  A human zombie (Vaults:5)
  Maurice (Orc:1)
  3 will-o-the-wisps
  19 vault sentinels
  4 guardian serpents
  17 naga magi
  33 black mambas
  7 unseen horrors
  An apocalypse crab (Abyss:3)
  2 eyes of devastation (shapeshifter) (Vaults:5)
  4 gargoyles
  A storm dragon simulacrum (Vaults:5)
  5 cane toads
  An efreet (D:15)
  3 freezing wraiths (Vaults:5)
  A spriggan zombie (Depths:1)
  8 komodo dragons
  2 yaktaurs (shapeshifter) (Vaults:5)
  42 yaktaurs
  9 trolls
  4 tengu conjurers
  3 tormentors (Depths:4)
  An ancient zyme (Abyss:3)
  A guardian mummy (D:15)
  6 ice devils
  A yaktaur zombie (Vaults:5)
  A merfolk (shapeshifter) (Vaults:2)
  4 polar bears (Lair:1)
  21 hornets
  5 tyrant leeches
  A tarantella (Vaults:3)
  3 meliai (D:15)
  3 saltlings (Vaults:3)
  A wolf spider simulacrum (D:14)
  50 slime creatures
  11 blink frogs
  A dream sheep (shapeshifter) (Vaults:3)
  3 water elementals (Depths:1)
  A spriggan skeleton (Depths:1)
  A vampire (D:11)
  4 large abominations
  6 centaur simulacra
  Sigmund (D:5)
  19 humans (D:13)
  19 spriggans
  A wyvern (shapeshifter) (Vaults:5)
  2 wyverns
  5 wraiths (Orc:1)
  43 yaks
  3 fire elementals
  A hog (Snake:1)
  A ynoxinul (Abyss:3)
  2 fire bats (Swamp:4)
  Eustachio (D:5)
  4 basilisks
  A death yak simulacrum (IceCv)
  2 steam dragons (Swamp:4)
  3 chaos spawn (Depths:3)
  12 redbacks
  33 vampire mosquitoes
  2 wargs
  Menkaure (D:5)
  64 nagas
  3 acid dragons
  5 hell hounds
  10 water moccasins
  11 swamp worms
  A floating eye (Depths:3)
  38 orc warriors
  7 ice beasts
  18 ogres
  8 swamp drakes (Swamp:4)
  9 black bears
  14 wolves
  12 centaurs
  A phantom (D:7)
  5 kobold brigands
  4 small abominations (Depths:3)
  2 gnoll sergeants
  10 bullfrogs
  3 scorpions
  A cane toad simulacrum (IceCv)
  14 wights
  11 killer bees
  An electric eel (Lair:2)
  2 howler monkeys (D:13)
  A wyvern simulacrum (Gauntlet)
  3 starcursed masses (Abyss:3)
  3 jellies
  25 orc priests
  2 gnoll boudas
  2 hounds
  2 iguanas
  24 orc wizards
  28 gnolls
  12 adders
  2 naga simulacra (IceCv)
  A shadow imp (D:7)
  10 white imps
  4 ufetubi
  3 worms (D:4)
  2 dart slugs
  101 orcs
  8 ball pythons
  A bat (D:2)
  11 endoplasms
  3 giant cockroaches (D:2)
  9 goblins
  8 hobgoblins
  9 jackals
  48 kobolds
  3 quokkas
  A frilled lizard (D:2)
  5 rats
1774 creatures vanquished.

Vanquished Creatures (collateral kills)
  Vashnia (Snake:3)
  An orc warlord (Depths:2)
  A vault warden (Vaults:2)
  A war gargoyle (Vaults:1)
  An ironbound thunderhulk (Vaults:2)
  A very ugly thing (Depths:1)
  2 dire elephants (Vaults:2)
  2 vault guards (Vaults:5)
  4 naga warriors
  A two-headed ogre (Vaults:5)
  6 naga sharpshooters
  2 deep trolls
  2 salamanders (Snake:3)
  A moth of wrath (shapeshifter) (Vaults:5)
  A guardian serpent (Snake:3)
  2 black mambas (Snake:4)
  A vault sentinel (Vaults:5)
  An orange demon (D:11)
  A naga mage (Snake:4)
  4 yaktaurs (Vaults:2)
  A chaos spawn (Depths:3)
  2 nagas (Snake:3)
  An orc priest (D:11)
  An orc (D:11)
41 creatures vanquished.

Vanquished Creatures (others)
  Nikola (Snake:2)
  A walking frostbound tome (Depths:3)
  An eleionoma (Swamp:4)
  An unseen horror (Depths:3)
  2 bloated husks
  A centaur simulacrum (D:14)
  A human (Snake:1)
  A spriggan (Depths:3)
  A swamp worm (Swamp:1)
  4 swamp drakes (Swamp:4)
  An ogre (Vaults:5)
  An orc wizard (Orc:1)
  4 briar patches (Swamp:4)
  A demonic plant (Gauntlet)
  12 foxfires
  13 fungi
  A lurking horror (Abyss:3)
  38 plants
  19 starspawn tentacles (Abyss:3)
104 creatures vanquished.

Grand Total: 1919 creatures vanquished

Notes
Turn   | Place    | Note
-------+----------+-------------------------------------------
     0 | D:1      | JanusIIV the Gargoyle Berserker began the quest for the
                  | Orb.
     0 | D:1      | Reached XP level 1. HP: 14/14 MP: 1/1
   565 | D:1      | Reached XP level 2. HP: 19/19 MP: 2/2
  1187 | D:2      | Reached XP level 3. HP: 19/23 MP: 3/3
  1194 | D:2      | Reached ** piety under Trog
  2313 | D:2      | Reached XP level 4. HP: 28/28 MP: 4/4
  2451 | D:3      | Reached skill level 5 in Maces & Flails
  2693 | D:3      | Found an ornate altar of the Wu Jian Council.
  2972 | D:3      | Reached XP level 5. HP: 23/32 MP: 5/5
  3156 | D:3      | Found a faded altar of an unknown god.
  3156 | D:3      | Identified the +0 leather armour of Meusmo Qoss {rElec}
  3762 | D:4      | Found a staircase to the Ecumenical Temple.
  4036 | D:4      | Noticed an ogre
  4058 | D:4      | Killed an ogre
  4059 | D:4      | Reached XP level 6. HP: 10/37 MP: 6/6
  4508 | D:4      | Found Kapnec's Lightly-Used Armoury.
  4966 | D:5      | Entered Level 5 of the Dungeon
  5072 | D:5      | Noticed an ice beast
  5087 | D:5      | Killed an ice beast
  5088 | D:5      | Reached XP level 7. HP: 16/41 MP: 7/7
  5341 | D:5      | Found a shadowy altar of Dithmenos.
  5566 | D:5      | Noticed Sigmund
  5581 | D:5      | Killed Sigmund
  5704 | D:5      | Noticed Eustachio
  5724 | D:5      | Killed Eustachio
  5883 | D:5      | Reached XP level 8. HP: 46/48 MP: 8/8
  6076 | D:5      | Reached *** piety under Trog
  6128 | D:5      | Noticed Menkaure
  6142 | D:5      | Killed Menkaure
  6143 | D:5      | Reached skill level 5 in Fighting
  6965 | D:5      | Reached **** piety under Trog
  7539 | D:6      | Found a sacrificial altar of Ru.
  7725 | D:6      | Reached skill level 5 in Armour
  7725 | D:6      | Reached XP level 9. HP: 54/57 MP: 9/9
  7820 | D:6      | Identified the +1 pair of gloves "Zeagaf" {Str-2 Int+3}
  8007 | D:6      | Found a shimmering blue altar of Sif Muna.
  9062 | D:7      | Reached skill level 10 in Maces & Flails
  9136 | D:7      | Found Uriufric's Firing Range.
  9161 | D:7      | Found a glowing golden altar of the Shining One.
  9161 | D:7      | Found a white marble altar of Elyvilon.
  9162 | D:7      | Found a glowing silver altar of Zin.
  9872 | D:8      | Noticed a hornet
  9876 | D:8      | Killed a hornet
  9877 | D:8      | Reached XP level 10. HP: 63/63 MP: 10/10
  9936 | D:8      | Found a sparkling altar of Nemelex Xobeh.
  9941 | D:8      | Found a bloodstained altar of Trog.
  9944 | D:8      | Found a blossoming altar of Fedhas.
  9946 | D:8      | Found a shimmering altar of Xom.
  9952 | D:8      | Found a broken altar of Ashenzari.
 11276 | D:9      | Noticed a two-headed ogre
 11284 | D:9      | Reached ***** piety under Trog
 11292 | D:9      | Killed a two-headed ogre
 11698 | D:9      | Reached XP level 11. HP: 67/67 MP: 11/11
 12052 | D:10     | Entered Level 10 of the Dungeon
 12699 | D:10     | Noticed Erolcha
 12713 | D:10     | Killed Erolcha
 12714 | D:10     | Reached skill level 15 in Maces & Flails
 13039 | D:10     | Found a staircase to the Orcish Mines.
 13151 | D:10     | Found a staircase to the Lair.
 13377 | Lair:1   | Entered Level 1 of the Lair of Beasts
 13574 | Lair:1   | Received a gift from Trog
 13574 | Lair:1   | Found the +7 great mace "Undeadhunter" {disrupt, rN+}
 13662 | Lair:1   | Reached skill level 10 in Armour
 13988 | Lair:1   | Reached XP level 12. HP: 61/72 MP: 12/12
 14072 | Lair:1   | Identified the +9 war axe of Circularity {vamp, Fly}
 14417 | Lair:1   | Gained mutation: You expend magic power (3 MP) to
                  | strengthen your wands. [potion of mutation]
 14417 | Lair:1   | Gained mutation: A frigid envelope surrounds you and
                  | freezes all who hurt you. [potion of mutation]
 14600 | Lair:2   | Noticed an eight-headed hydra
 14618 | Lair:2   | Killed an eight-headed hydra
 14655 | Lair:2   | Found a staircase to the Snake Pit.
 14758 | Lair:2   | Noticed Erica
 14771 | Lair:2   | Killed Erica
 14795 | Lair:2   | Found a radiant altar of Vehumet.
 14851 | Lair:2   | Reached skill level 10 in Fighting
 14893 | Lair:2   | Found a staircase to the Swamp.
 15212 | Lair:3   | Noticed Snorg
 15221 | Lair:3   | Killed Snorg
 15887 | Lair:3   | Noticed Fannar
 15913 | Lair:3   | Killed Fannar
 15914 | Lair:3   | Reached XP level 13. HP: 70/86 MP: 13/13
 16110 | Lair:4   | Noticed Guuquyx's ghost (journeyman TrMo)
 16152 | Lair:4   | Found a runed translucent gate.
 16154 | Lair:4   | Found a runed translucent gate.
 16155 | Lair:4   | Found a runed translucent gate.
 16267 | Lair:4   | Reached skill level 5 in Dodging
 16496 | Lair:4   | Received a gift from Trog
 17295 | D:11     | Noticed Amaemon
 17308 | D:11     | Killed Amaemon
 17418 | D:11     | Found a frozen archway.
 17534 | IceCv    | Entered an ice cave
 18234 | D:11     | Found Fuyxt's Jewellery Shop.
 18513 | D:11     | Found a runed translucent door.
 18573 | D:11     | Found the +9 staff of Olgreb {rPois∞}
 18589 | D:11     | Found a runed translucent gate.
 18589 | D:11     | Found a runed translucent gate.
 18607 | D:11     | Found a runed translucent gate.
 19023 | D:11     | Found a runed translucent door.
 19132 | D:11     | Gained mutation: Your large and strong wings let you fly.
                  | [Gargoyle growth]
 19132 | D:11     | Reached XP level 14. HP: 92/92 MP: 14/14
 19226 | D:12     | Identified the +1 battleaxe of Equilibrium {flame, rF+ rC+
                  | Dex-3 SInv} (Trog gifted it to you on level 12 of the
                  | Dungeon)
 19226 | D:12     | Received a gift from Trog
 19553 | D:12     | Noticed Nergalle
 19563 | D:12     | Killed Nergalle
 20555 | D:13     | Found a gate to the Vaults.
 20885 | D:13     | Found Gete's Distillery.
 21131 | D:13     | Received a gift from Trog
 21692 | D:14     | Reached skill level 15 in Fighting
 21859 | D:14     | Reached skill level 1 in Shields
 22057 | D:14     | Noticed Lodul
 22071 | D:14     | Killed Lodul
 22254 | D:14     | Reached XP level 15. HP: 59/103 MP: 15/15
 22518 | D:14     | Reached skill level 2 in Shields
 23012 | D:14     | Noticed Coogem's ghost (journeyman DsAr)
 23044 | D:14     | Reached skill level 3 in Shields
 23252 | D:14     | Found a transporter.
 23258 | D:14     | Noticed Ytheofip's ghost (journeyman FoFi)
 23356 | D:14     | Found a transporter.
 23608 | D:15     | Entered Level 15 of the Dungeon
 23679 | D:15     | Found a portal to a secret trove of treasure.
 24220 | D:15     | Received a gift from Trog
 24226 | D:15     | Reached skill level 4 in Shields
 24591 | D:15     | Found a staircase to the Depths.
 24616 | D:15     | Reached skill level 5 in Shields
 25138 | Swamp:1  | Entered Level 1 of the Swamp
 25155 | Swamp:1  | Reached skill level 6 in Shields
 25238 | Swamp:1  | Reached skill level 7 in Shields
 25853 | Swamp:1  | Found the +8 mithril axe "Arga" {speed, Will+}
 25888 | Swamp:1  | Reached skill level 8 in Shields
 26132 | Swamp:1  | Reached skill level 9 in Shields
 26392 | Swamp:2  | Noticed Frances
 26459 | Swamp:2  | Killed Frances
 26603 | Swamp:2  | Reached skill level 10 in Shields
 26700 | Swamp:2  | Reached XP level 16. HP: 101/108 MP: 16/16
 26934 | Swamp:2  | Reached skill level 11 in Shields
 27472 | Swamp:3  | Identified Roxanne's Grimoire of Spelunking
 27472 | Swamp:3  | Noticed Roxanne
 27535 | Swamp:3  | Killed Roxanne
 27747 | Swamp:3  | Reached skill level 12 in Shields
 28111 | Swamp:3  | Noticed Bai Suzhen
 28136 | Swamp:3  | Killed Bai Suzhen
 28323 | Swamp:3  | Noticed Mlioglotl
 28343 | Swamp:3  | Killed Mlioglotl
 28583 | Swamp:4  | Entered Level 4 of the Swamp
 29059 | Swamp:4  | Got a decaying rune of Zot
 29147 | Swamp:4  | Identified the +5 morningstar "Zumy" {flame, *Noise rC++
                  | Str+3} (Trog gifted it to you on level 4 of the Swamp)
 29147 | Swamp:4  | Received a gift from Trog
 29210 | Swamp:4  | Reached skill level 13 in Shields
 29242 | Swamp:4  | Found a runed translucent gate.
 29242 | Swamp:4  | Found a runed translucent gate.
 29244 | Swamp:4  | Found a runed translucent gate.
 29245 | Swamp:4  | Noticed ctx's ghost (adept MeEE)
 29570 | Swamp:4  | Found a basalt altar of Yredelemnul.
 29570 | Swamp:4  | Noticed a thorn hunter
 29878 | Snake:1  | Entered Level 1 of the Snake Pit
 29968 | Snake:1  | Noticed Aizul
 29982 | Snake:1  | Killed Aizul
 30043 | Snake:1  | Reached XP level 17. HP: 92/113 MP: 17/17
 30415 | Snake:1  | Noticed Kirke
 30429 | Snake:1  | Noticed a sphinx
 30436 | Snake:1  | Noticed a sphinx
 30439 | Snake:1  | Killed Kirke
 30487 | Snake:1  | Reached skill level 14 in Shields
 31171 | Snake:1  | Identified the +9 short sword of Doom {elec, MP-9 Int+4
                  | Dex+3}
 32140 | Snake:2  | Reached skill level 15 in Shields
 32220 | Snake:2  | Received a gift from Trog
 32290 | Snake:2  | Identified the +3 robe of the Dice {rF+ Will++}
 32600 | Snake:2  | Noticed Nikola
 32622 | Snake:2  | Killed Nikola
 33012 | Snake:3  | Noticed Azrael
 33135 | Snake:3  | Found Depnom's Assorted Antiques.
 33457 | Snake:3  | Noticed Vashnia
 33469 | Snake:3  | Killed Azrael
 33787 | Snake:3  | Killed Vashnia
 33788 | Snake:3  | Reached XP level 18. HP: 52/125 MP: 18/18
 33824 | Snake:3  | Reached skill level 16 in Shields
 34679 | Snake:4  | Entered Level 4 of the Snake Pit
 34679 | Snake:4  | Found Tioq's Antique Weapon Shop.
 35513 | Snake:4  | Received a gift from Trog
 35514 | Snake:4  | Reached skill level 17 in Shields
 36902 | Snake:4  | Reached skill level 18 in Shields
 36951 | Snake:4  | Got a serpentine rune of Zot
 37354 | Orc:1    | Entered Level 1 of the Orcish Mines
 37920 | Orc:1    | Noticed Josephine
 37928 | Orc:1    | Killed Josephine
 37933 | Orc:1    | Noticed Maurice
 37951 | Orc:1    | Killed Maurice
 38213 | Orc:2    | Entered Level 2 of the Orcish Mines
 38267 | Orc:2    | Reached ****** piety under Trog
 38290 | Orc:2    | Found a runed translucent door.
 38291 | Orc:2    | Noticed Timisetechie's ghost (journeyman HOFi)
 38497 | Orc:2    | Found a staircase to the Elven Halls.
 38520 | Orc:2    | Found a gate leading to a gauntlet.
 38529 | Gauntlet | Entered a Gauntlet
 38529 | Gauntlet | Found a transporter.
 38529 | Gauntlet | Found a transporter.
 38529 | Gauntlet | Found a transporter.
 38565 | Gauntlet | Found a transporter.
 38570 | Gauntlet | Found a transporter.
 38576 | Gauntlet | Found a transporter.
 38579 | Gauntlet | Found a transporter.
 38590 | Gauntlet | Found a transporter.
 38605 | Gauntlet | Found a transporter.
 38609 | Gauntlet | Found a transporter.
 38612 | Gauntlet | Found a transporter.
 38631 | Gauntlet | Found a transporter.
 38827 | Gauntlet | Identified the ring of Ikapn {rF+ rCorr}
 39194 | Orc:2    | Received a gift from Trog
 39407 | Orc:2    | Noticed Saint Roka
 39437 | Orc:2    | Killed Saint Roka
 39715 | Orc:2    | Found Virudd's Weapon Boutique.
 39819 | Orc:2    | Found Vufidu's Antique Armour Shoppe.
 39824 | Orc:2    | Reached XP level 19. HP: 130/130 MP: 19/19
 39825 | Orc:2    | Found Nuifua's Antique Weapon Emporium.
 40077 | Orc:2    | Found Onoiwk's Armour Emporium.
 40469 | Orc:2    | Killed Timisetechie's ghost
 40693 | Vaults:1 | Entered Level 1 of the Vaults
 41216 | Vaults:1 | Received a gift from Trog
 42388 | Vaults:1 | Reached skill level 19 in Shields
 42999 | Vaults:1 | Received a gift from Trog
 43475 | Abyss:3  | Cast into level 3 of the Abyss (a wizard)
 43491 | Vaults:2 | Escaped the Abyss
 44316 | Vaults:2 | Reached skill level 20 in Shields
 44427 | Vaults:2 | Found Vyjocs's Assorted Antiques.
 44433 | Vaults:2 | Bought a scroll of enchant weapon for 247 gold pieces
 44433 | Vaults:2 | Bought a scroll of blinking for 247 gold pieces
 44577 | Vaults:2 | Identified the +2 morningstar "Zioddill" {flame, rF+ Int-3
                  | Dex+6} (Trog gifted it to you on level 2 of the Vaults)
 44577 | Vaults:2 | Received a gift from Trog
 44827 | Vaults:2 | Reached XP level 20. HP: 136/136 MP: 20/20
 45077 | Vaults:2 | Reached skill level 21 in Shields
 46164 | Vaults:3 | Received a gift from Trog
 46352 | Vaults:3 | Noticed a bone dragon
 46382 | Vaults:3 | Killed a bone dragon
 46384 | Vaults:3 | Found a staircase to the Crypt.
 47002 | Vaults:3 | Received a gift from Trog
 47236 | Vaults:3 | Reached skill level 22 in Shields
 48127 | Vaults:4 | Reached XP level 21. HP: 81/141 MP: 21/21
 48979 | Vaults:4 | Received a gift from Trog
 49038 | Vaults:4 | Found Genaos's Assorted Antiques.
 49045 | Vaults:4 | Bought a potion of heal wounds for 195 gold pieces
 49045 | Vaults:4 | Bought a scroll of enchant armour for 292 gold pieces
 49292 | Vaults:4 | Reached skill level 23 in Shields
 49762 | Depths:1 | Entered Level 1 of the Depths
 49762 | Depths:1 | Found a gateway to Hell.
 50119 | Abyss:3  | Cast into level 3 of the Abyss (a wizard)
 50379 | Depths:1 | Escaped the Abyss
 51044 | Depths:1 | Found Viosueze's Book Emporium.
 51044 | Depths:1 | Found Utael's Jewellery Shop.
 51045 | Depths:1 | Found Jametokk's Jewellery Shop.
 51232 | Depths:1 | Identified the +10 flail "Wuelunio" {flame, rPois} (Trog
                  | gifted it to you on level 1 of the Depths)
 51232 | Depths:1 | Received a gift from Trog
 51398 | Depths:1 | Found a one-way gateway to a ziggurat.
 51432 | Depths:1 | Found Fawonycs's Magic Scroll Shop.
 51440 | Depths:1 | Bought a scroll of magic mapping for 105 gold pieces
 51440 | Depths:1 | Bought a scroll of enchant armour for 105 gold pieces
 51547 | Depths:2 | Reached skill level 24 in Shields
 51926 | Depths:2 | Identified the +1 war axe of Bloody Death {flame, SInv}
 52281 | Depths:2 | Found a one-way gate leading to the halls of Pandemonium.
 52596 | Depths:2 | Reached XP level 22. HP: 147/147 MP: 22/22
 52663 | Depths:2 | Identified the +1 ring mail "Somuhoh" {Str+4 Slay+3}
 52848 | Depths:2 | Identified the +1 robe "Orchiwnuh" {rPois rF+ Dex+4}
 52850 | Depths:2 | Identified the +2 cloak of an ice cave {Int+4}
 52853 | Depths:2 | Identified the +0 chain mail of Nofuc {rElec}
 52939 | Depths:2 | Found an iron altar of Okawaru.
 53182 | Depths:2 | Identified the +1 quarterstaff of Outrage {vorpal, Dex+4}
 53251 | Depths:2 | Identified the +6 quarterstaff "Spider's Doom" {vorpal,
                  | rF++ rC+ Will+ Str+3}
 53360 | Depths:2 | Found a one-way gate to the infinite horrors of the Abyss.
 54245 | Depths:3 | Paralysed by a floating eye for 3 turns
 54247 | Depths:3 | HP: 1/147 [living spell/divine providence[a walking divine
                  | tome] (8)]
 54293 | Depths:3 | Received a gift from Trog
 54920 | Depths:3 | Noticed a golden dragon
 54933 | Depths:3 | Killed a golden dragon
 55234 | Depths:3 | Identified the +2 cloak of the Echidna {rC+++ rCorr}
 55257 | Depths:3 | Identified the +1 cloak "Cotayt" {rPois Str+4}
 55277 | Depths:3 | Identified the +2 trident of Grace {flame, rF++ Dex+2}
 55682 | Depths:3 | Noticed a golden dragon
 55697 | Depths:3 | Killed a golden dragon
 56113 | Depths:4 | Entered Level 4 of the Depths
 56219 | Depths:4 | Found a gate to the Realm of Zot.
 56289 | Depths:4 | Noticed a golden dragon
 56317 | Depths:4 | Killed a golden dragon
 56329 | Depths:4 | Reached skill level 25 in Shields
 56943 | Depths:4 | Reached XP level 23. HP: 140/155 MP: 23/23
 57314 | Depths:4 | Found a glowing golden altar of the Shining One.
 57373 | Depths:4 | Noticed a golden dragon
 57379 | Depths:4 | Killed a golden dragon
 57418 | Depths:4 | Found a runed translucent door.
 57423 | Depths:4 | Noticed Oseiwk's ghost (adept MiHu)
 57659 | Depths:4 | Noticed Boris
 57677 | Depths:4 | Killed Boris
 58057 | Depths:4 | Killed Oseiwk's ghost
 58057 | Depths:4 | Received a gift from Trog
 58572 | Vaults:5 | Entered Level 5 of the Vaults
 58624 | Vaults:5 | Reached skill level 26 in Shields
 58924 | Vaults:5 | Received a gift from Trog
 58945 | Vaults:5 | Identified the +10 glaive of Severance {protect, rCorr
                  | Str+3}
 59176 | Vaults:5 | Identified the +4 long sword "Rolo" {vorpal, rF+ rC+}
 59339 | Vaults:5 | Identified the ring "Pafrus" {Will- MP+9 Int+4 Dex+3
                  | Slay+2}
 59791 | Vaults:5 | Identified the +3 leather armour "Gomeneal" {Str+7 Dex+6
                  | SInv}
 59791 | Vaults:5 | Identified the amulet of Miracles {rPois rF+ Regen+}
 59860 | Vaults:5 | Identified the +0 robe "Apuir" {rElec rPois rCorr Stlth-}
 59866 | Vaults:5 | Found the +10 zealot's sword {holy, *Rage rN+ EV+3}
 59958 | Vaults:5 | Identified the +1 leather armour of the Butterfly {Drain
                  | Will+ Dex+4}
 60426 | Vaults:5 | Identified the +1 robe "Emarueh" {Fly rElec Str+4}
 60454 | Vaults:5 | Reached XP level 24. HP: 122/166 MP: 23/23
 60697 | Vaults:5 | Found the +3 giant club "Skullcrusher" {speed, Str+7}
 60707 | Vaults:5 | Got a silver rune of Zot
 60779 | Vaults:5 | Found Upriofusi's Distillery.
 60787 | Vaults:5 | Bought a potion of might for 76 gold pieces
 60908 | Vaults:5 | Received a gift from Trog
 61470 | Zot:1    | Entered Level 1 of the Realm of Zot
 61835 | Zot:1    | Noticed Grunn
 61859 | Zot:1    | Killed Grunn
 61860 | Zot:1    | HP: 4/166 [doom hound[Grunn] (10)]
 61925 | Depths:4 | Reached skill level 27 in Shields
 62696 | Zot:1    | Slain by a reaper

Illustrated notes

Levels and vault maps discovered:
D:1:      tarquinn_simple_flora_water_e, layout_basic
D:2:      minmay_razor_zed, layout_basic, chequers_serial_rivers_micro_c
D:3:      layout_basic, nzn_wu_jian_contemplation,
          dreamdust_ecumenical_altar_grove
D:4:      layout_basic, minmay_temple_entry_drinking_statues,
          minmay_shop_damaged, minmay_pentomino_pile
D:5:      minmay_goblin_kobold_castle, layout_loops_cross,
          mainiacjoe_overflow_small_starburst, hellmonk_bongcloud_opening,
          uniq_menkaure, uniq_sigmund, uniq_eustachio
D:6:      layout_loops_ring, nicolae_ru_awakened_eye,
          nicolae_sif_muna_little_library, nicolae_benzene_ring
D:7:      layout_basic, good_gods_temple_1, nicolae_shop_firing_range
D:8:      layout_loops_ring, nicolae_overflow_hallway_of_the_gods
D:9:      layout_rooms, hangedman_abyss_or_decor_clamps
D:10:     layout_stronghold, grunt_lair_entry_orc_guard_hut, david_orc_5,
          nicolae_straight_to_the_point, uniq_erolcha
D:11:     layout_rooms, portal_ice_cave_demonic_guard, nicolae_stop_n_shop_1,
          minmay_guarded_unrand_staff_of_olgreb, uniq_amaemon
D:12:     layout_irregular_city, uniq_nergalle
D:13:     layout_basic, grunt_vaults_entry_tiered, serial_shops,
          nicolae_square_shop, blue_anna_alchemist
D:14:     layout_loops_ring, serial_ice, serial_ice_e, serial_ice_g,
          serial_ice_o, serial_ice_f, nzn_ghost_randoct,
          chequers_serial_rivers_micro_c, uniq_lodul
D:15:     gammafunk_enter_depths_forms, layout_loops_ring,
          nicolae_trove_entry_path_of_doom
Lair:1:   beast_lair_carwin_large_3, layout_concentric_octagons
Lair:2:   layout_misc_corridors, minmay_swamp_entry_swarm,
          guppyfry_snake_entry_garden, basic_altar, lemuel_fruit_tree,
          uniq_erica
Lair:3:   layout_hall_layers, chequers_serial_rivers_micro_c, uniq_fannar,
          uniq_snorg
Lair:4:   layout_small_grid, gammafunk_ghost_split, eino_house_with_fridge
Swamp:1:  layout_basic_swamp, evilmike_swamp_ruin_house_4
Swamp:2:  layout_basic_swamp, infiniplex_staircase_pool, swamp_pool4,
          uniq_frances
Swamp:3:  layout_falls_marsh, evilmike_swamp_ruin_rubble_2, uniq_bai_suzhen,
          uniq_roxanne, uniq_mlioglotl
Swamp:4:  swamp_fiery, layout_basic_swamp, gammafunk_ghost_necromancy,
          grunt_ruined_hall
Snake:1:  layout_basic, grunt_ministairs_15, nicolae_triple_integral,
          uniq_kirke, uniq_aizul
Snake:2:  layout_rooms, uniq_nikola
Snake:3:  layout_basic, serial_shops, shop, uniq_vashnia, uniq_azrael
Snake:4:  minmay_snake_end_coiled, layout_cave_town, serial_shops, shop,
          drop_trap, st_stairs_3
Orc:1:    layout_caves, uniq_josephine, uniq_maurice
Orc:2:    grunt_orc_community_town_hall, layout_diamond_mine,
          grunt_orc_community_big_house_2, grunt_orc_community_big_house_1,
          grunt_orc_community_house_2, grunt_orc_community_house_3,
          grunt_orc_community_house_3, grunt_orc_community_house_1,
          grunt_orc_community_house_2, grunt_orc_community_house_3,
          gammafunk_ghost_grave, gauntlet_entry_generic, library_closet
Vaults:1: grunt_vaults_twisty, v_misc_26, v_misc_15, nicolae_vaults_murderbox,
          vaults_room_semicircle, nicolae_vaults_what_the_h,
          vaults_mumra_hexcomb, vaults_room_pool, layout_vaults_quadrants
Vaults:2: v_rooms_3, grunt_vaults_trifunnel, kb_rosetta,
          nicolae_vaults_angled_halls, dpeg_vaults_monster_box,
          ontoclasm_vaults_hangar, v_misc_22, v_misc_4, grunt_vaults_bifocal,
          vaults_room_stairs_pillars, nicolae_vaults_border_crossing,
          layout_vaults_omnicross, serial_shops, shop
Vaults:3: portal_desolation_entry_salt, vaults_room_fancy_cross,
          hangedman_vaults_capsules, nicolae_vaults_circle_grid_b,
          nicolae_vaults_know_your_exits, minmay_crypt_entry_nasty_monster,
          ontoclasm_vaults_hangar, grunt_vaults_swirl,
          ontoclasm_vaults_ring_small, v_misc_9, ontoclasm_vaults_ligature,
          hangedman_vaults_slither, layout_vaults_maze
Vaults:4: v_misc_12, nicolae_vaults_holding_cells, vaults_dpeg_encased_lava,
          vaults_standard_mumra_x, vaults_standard_mumra_lines,
          vaults_room_boxed, hangedman_vaults_slice,
          nicolae_vaults_mini_display_case, vaults_dpeg_spiral,
          vaults_mumra_chevron, ontoclasm_vaults_pinch, layout_vaults_ring,
          serial_shops, shop
Vaults:5
Depths:1: layout_basic, enter_ziggurat_a, serial_shops, nicolae_shop_crystal,
          hangedman_coc_ice_floe, moated_statue, kennysheep_potato,
          minmay_shop_grove, grunt_megastairs_3
Depths:2: evilmike_iron_armoury, layout_gridlike, pan_entry, abyss_entry,
          grunt_mini_vestibule, grunt_megastairs_2, infiniplex_staircase_9_rooms
Depths:3: grunt_arcs, layout_honeycomb, minmay_room_of_horrors,
          pf_vacation_house_of_asmodeus, lemuel_flamethrower_2, uniq_josephina
Depths:4: grunt_crosshair, layout_gridlike, tso_altar, hell_entry,
          ebering_ghost_reflecting_pool, uniq_boris
Zot:1:    layout_misc_corridors, hangedman_player_shredder, uniq_grunn

Skill      XL: |  1  2  3  4  5  6  7  8  9 10 11 12 13 14 15 16 17 18 19 20 21 22 23 24 |
---------------+-------------------------------------------------------------------------+-----
Maces & Flails | 4 5 7 9 11 14 15 16 18 19 20 21 23 24 | 24.8
Fighting       | 4 7 12 15 18 19 21 | 21.0
Armour         | 5 7 11 12 14 | 14.0
Dodging        | 3 9 |  9.0
Shields        | 1 10 13 15 18 20 22 24 25 26 27 | 27.0

Action                   |  1- 3 |  4- 6 |  7- 9 | 10-12 | 13-15 | 16-18 | 19-21 | 22-24 || total
-------------------------+-------+-------+-------+-------+-------+-------+-------+-------++-------
Melee: Mace              |    73 |       |       |       |       |       |       |       ||    73
       Punch             |     1 |     2 |    10 |    12 |    12 |       |       |       ||    37
       Whip              |    47 |   177 |   478 |       |       |       |       |       ||   702
       Flail             |       |       |    19 |   707 |   467 |       |       |       ||  1193
       Demon whip        |       |       |       |       |   767 |  2043 |  2025 |  1374 ||  6209
Invok: Berserk           |       |     2 |       |     4 |     5 |     3 |     1 |       ||    15
       Trog's Hand       |       |     1 |     1 |     3 |     2 |     8 |    10 |    13 ||    38
       Brothers in Arms  |       |       |       |       |     3 |     5 |     3 |     4 ||    15
Evoke: Wand              |       |       |     1 |       |     4 |     7 |       |    15 ||    27
  Use: Scroll            |       |     9 |     1 |     8 |    19 |     9 |    10 |    22 ||    78
       Potion            |       |       |     1 |     5 |     3 |     4 |     1 |     6 ||    20
 Stab: Distracted        |       |       |       |       |       |       |     1 |       ||     1
Armor: Animal skin       |    34 |       |       |       |       |       |       |       ||    34
       Ring mail         |    13 |    50 |   130 |       |       |       |       |       ||   193
       Chain mail        |       |       |   110 |   397 |    45 |       |       |       ||   552
       Plate armour      |       |       |       |       |   446 |    51 |       |   515 ||  1012
       Storm dragon scal |       |       |       |       |       |   504 |   635 |     5 ||  1144
Dodge: Dodged            |    79 |    79 |   237 |   284 |   356 |   344 |   347 |   194 ||  1920
Block: Buckler           |       |       |       |       |   186 |   151 |       |       ||   337
       Reflection        |       |       |       |       |     7 |   145 |    99 |    30 ||   281
       Tower shield      |       |       |       |       |       |  1483 |  1803 |  1109 ||  4395
